AoeStats
← Danigunner

Black Forest

513198986Analyzed
2v2 RM · 5d ago on Oct 12, 2026· 47m 44s· 4 players
Game mode
Random Map
Map size
Medium (4 player)
Population
200
Speed
Normal
Resources
Standard
Victory
Conquest
Starting age
Dark Age
Ending age
Imperial Age
RankedLock teamsTeams togetherTeam positionsShared explorationLock speedFull tech treeHidden civsTurbo modeCheats
Victory
Defeat
🇻🇪 Turks · Venezuela
1031
+14
🇺🇸 Britons · United States
1020
+14
vs
🇧🇷 Turks · Brazil
1017
-16
🇲🇽 Britons · Mexico
943
-12
PsicoDelico
6:21 Loom
12:52 Feudal Age
14:56 Wheelbarrow
14:19 Horse Collar
14:27 Double-Bit Axe
20:20 Castle Age
19:33 Gold Mining
19:34 Stone Mining
22:58 Gold Shaft Mining
27:50 Imperial Age
28:01 Bow Saw
32:38 Conscription
35:43 Heavy Plow
36:55 Two-Man Saw
36:48 Forging
36:43 Scale Barding Armor
37:40 Bombard Tower
37:32 Fortified Wall
37:20 Elite Janissary
38:25 Fletching
Danigunner
0:27 Loom
13:39 Feudal Age
15:18 Wheelbarrow
18:30 Gold Mining
22:09 Castle Age
25:15 Horse Collar
29:47 Imperial Age
arteta86
2:09 Loom
13:22 Feudal Age
17:12 Wheelbarrow
19:55 Castle Age
17:57 Double-Bit Axe
18:23 Gold Mining
18:28 Stone Mining
19:28 Horse Collar
22:36 Town Watch
27:07 Imperial Age
25:55 Gold Shaft Mining
32:41 Bloodlines
32:32 Husbandry
33:33 Conscription
37:24 Ballistics
40:17 Heavy Plow
40:58 Forging
40:55 Scale Barding Armor
46:21 Iron Casting
47:02 Bow Saw
ararreaza
3:25 Loom
11:40 Feudal Age
13:01 Wheelbarrow
17:29 Stone Mining
21:26 Castle Age
19:35 Padded Archer Armor
19:50 Double-Bit Axe
20:07 Double-Bit Axe
20:51 Horse Collar
24:02 Heavy Plow
27:00 Fletching
27:31 Hand Cart
37:30 Imperial Age
38:42 Bodkin Arrow
39:49 Chemistry
40:47 Padded Archer Armor
42:39 Arrowslits
43:35 Ballistics
43:45 Bracer
45:00 Conscription
45:28 Hoardings
45:03 Elite Longbowman
47:01 Leather Archer Armor
47:31 Siege Engineers
Connection lost

Rejoining the realm…

Still unreachable

The connection could not be restored.

Session expired

The server has moved on; the page needs a fresh start.